 Dungeon Crawl Stone Soup version 0.31-a0-7-g51783674b7 (webtiles) character file.

Game seed: 14841183112208336789

79 Dittersdorf the Shield-Bearer (level 4, -1/29 HPs)
             Began as a Gargoyle Fighter on May 5, 2023.
             Killed by nerve-wracking pain
             ... invoked by Grinder
              (6 damage)
             ... on level 3 of the Dungeon.
             The game lasted 00:03:15 (2521 turns).

Dittersdorf the Shield-Bearer (Gargoyle Fighter)    Turns: 2521, Time: 00:03:16

Health: -1/29      AC: 14    Str: 22    XL:     4   Next: 38%
Magic:  4/4        EV:  8    Int:  8    God:
Gold:   141        SH:  4    Dex:  9    Spells: 3/3 levels left

rFire   . . .        a - +0 flail
rCold   . . .        c - +0 buckler
rNeg    + . .        p - +0 chain mail
rPois   ∞            (no helmet)
rElec   +            (no cloak)
rCorr   .            s - +0 pair of gloves
SInv    .            (no boots)
Will    .....        (no amulet) Stlth
                     (no ring)
HPRegen 0.24/turn    (no ring)
MPRegen 0.09/turn

%: no passive effects
@: no status effects
A: sickness immunity, AC +3, negative energy resistance 1, electricity
resistance, torment resistance 1, petrification resistance
a: no special abilities


You were on level 3 of the Dungeon.
You visited 1 branch of the dungeon, and saw 3 of its levels.

You collected 141 gold pieces.

Inventory:

Hand Weapons
 a - a +0 flail (weapon)
Missiles
 j - 2 poisoned darts (quivered)
Armour
 c - a +0 buckler (worn)
 l - a +0 plate armour
 p - a +0 chain mail (worn)
 s - a +0 pair of gloves (worn)
Scrolls
 b - a scroll of poison {unknown}
 e - a scroll of fog {unknown}
 g - 2 scrolls of amnesia {unknown}
 i - 5 scrolls of identify {unknown}
 k - 6 scrolls of immolation {unknown}
 m - 2 scrolls of blinking {unknown}
 o - 3 scrolls of teleportation {unknown}
Potions
 d - 2 potions of might
 f - 3 potions of brilliance {unknown}
 h - 2 potions of mutation {unknown}
 n - a potion of curing {unknown}
 q - a potion of haste {unknown}
 r - a potion of cancellation {unknown}


   Skills:
 + Level 3.9 Fighting
 + Level 2.8 Maces & Flails
 + Level 3.9 Armour
 + Level 4.0 Shields


You had 3 spell levels left.
You didn't know any spells.
Your spell library contained the following spells:

 Spells                   Type           Power      Damage    Failure   Level
 Portal Projectile        Hex/Tloc       0%         N/A       100%        3
 Tukima's Dance           Hex            0%         N/A       100%        3
 Blade Hands              Tmut           0%         N/A       100%        5


Dungeon Overview and Level Annotations

Branches:
Dungeon (3/15)

Altars:

Annotations:
D:3 Grinder


Innate Abilities, Weirdness & Mutations

You are immune to sickness and miasma.
Your stone body is resilient. (AC +3)
You are immune to poison.
You resist negative energy. (rN+)
You are resistant to electric shocks. (rElec)
You are resistant to unholy torment.
You are immune to petrification.


Message History

You hit Grinder.
Grinder is heavily wounded.
Grinder hits you but does no damage.
You barely miss Grinder.
Grinder is heavily wounded.
Grinder hits you!
You writhe in agony.
You closely miss Grinder.
Grinder is heavily wounded.
Grinder hits you.
You writhe in agony.
Grinder closely misses you.
You closely miss Grinder.
Grinder is heavily wounded.
Grinder looks more healthy.
Grinder zaps a wand.
The puff of flame hits you!
* * * LOW HITPOINT WARNING * * *
You closely miss Grinder.
Grinder is heavily wounded.
Grinder hits you but does no damage.
You closely miss Grinder.
Grinder is heavily wounded.
Grinder hits you but does no damage.
You sock Grinder!
Grinder is severely wounded.
You block Grinder's attack. Grinder hits you but does no damage.
You barely miss Grinder.
Grinder is severely wounded.
Grinder zaps a wand.
The puff of flame hits you but does no damage.
The now-empty wand crumbles to dust.
You hit Grinder.
Grinder is almost dead.
Grinder hits you but does no damage.
Grinder blinks!
You see here a poisoned dart.
j - a poisoned dart Grinder gestures at you.
Pain shoots through your body!
* * * LOW HITPOINT WARNING * * *
You see here a poisoned dart.
j - 2 poisoned darts (gained 1) Grinder gestures at you.
Pain shoots through your body!
You die...

5. ####### #.## #..<(.#
... #.#.#.# ..#
#.#5..###..# #.#####
#.#.......(###.# ####
#.....#
#.#.#####.......
...#######.###)#@##...#
##
...................>#.#
##...#####.###.#.##.#.#
###.# #.....#.##.#..
####.#
#######.##.######
.....# #...........#
.....######
#.#.##.####.#
..........# #.#.....#
#.# ....#####.#
#.#.##..# #.#


You could see Grinder.

Vanquished Creatures
  An adder (D:2)
  A dart slug (D:1)
  3 orcs (D:3)
  6 ball pythons (D:1)
  4 endoplasms
  A giant cockroach (D:1)
  7 goblins
  7 hobgoblins
  8 jackals
  4 bats
  6 frilled lizards
  7 kobolds
  A rat (D:2)
56 creatures vanquished.

Notes
Turn   | Place    | Note
-------+----------+-------------------------------------------
     0 | D:1      | Dittersdorf the Gargoyle Fighter began the quest for the
                  | Orb.
     0 | D:1      | Reached XP level 1. HP: 14/14 MP: 1/1
   128 | D:1      | Reached XP level 2. HP: 19/19 MP: 2/2
   380 | D:1      | Reached XP level 3. HP: 23/23 MP: 3/3
  1136 | D:2      | Found a faded altar of an unknown god.
  1191 | D:2      | Reached XP level 4. HP: 29/29 MP: 4/4
  2018 | D:3      | Reached skill level 4 in Shields
  2046 | D:3      | Identified the +0 dagger "Satava" {spect, Dex+5}
  2306 | D:3      | Noticed Grinder
  2318 | D:3      | Paralysed by Grinder for 3 turns
  2322 | D:3      | Paralysed by Grinder for 3 turns
  2501 | D:3      | Paralysed by Grinder for 5 turns
  2521 | D:3      | Killed from afar by Grinder

Illustrated notes

Levels and vault maps discovered:
D:1:      saegor_arrival_miasma, layout_basic
D:2:      layout_basic, dreamdust_ecumenical_altar_sealed_demon,
          mrwooster_statue_mirror, minmay_pentomino_v2
D:3:      layout_basic, uniq_grinder

Skill      XL: |  1  2  3  4 |
---------------+-------------+-----
Shields        | 4 |  4.0
Fighting       | |  3.9
Maces & Flails | |  2.8
Armour         | |  3.9

Action                     |  1- 3 |  4- 6 || total
---------------------------+-------+-------++-------
  Melee: Flail             |   154 |    71 ||   225
  Throw: Dart              |       |     7 ||     7
 Armour: Scale mail        |   105 |       ||   105
         Chain mail        |    23 |    49 ||    72
  Dodge: Dodged            |   106 |    25 ||   131
  Block: Buckler           |    50 |    16 ||    66

Table legend: (Time is in decaauts)
 A = Elapsed time spent in this place.
 B = Non-inter-level travel time spent in this place.
 C = Inter-level travel time spent in this place.
 D = Time resting spent in this place.
 E = Time spent auto-exploring this place.
 F = Levels seen in this place.
 G = Mean time per level.
                   A        B        C        D        E       F      G
               +--------+--------+--------+--------+--------+-----+--------+
         Total |   2592 |   2535 |     57 |    193 |   1812 |   3 |  864.0 |
       Dungeon |   2592 |   2535 |     57 |    193 |   1812 |   3 |  864.0 |
               +--------+--------+--------+--------+--------+-----+--------+

Top non-repeatable levels by time:
     D:2: 1109 daAuts
     D:1: 888 daAuts
     D:3: 595 daAuts
